 Seeded DCSS version 0.31-a0-321-g19405a7a6a (webtiles) character file.

Game seed: 14215367866634240820 (custom seed)

70 innerfire43 the Trooper (level 4, -1/37 HPs)
             Began as a Demonspawn Monk on July 17, 2023.
             Slain by a gnoll
             ... wielding a +0 spear
              (7 damage)
             ... on level 2 of the Dungeon.
             The game lasted 00:01:35 (1183 turns).

innerfire43 the Trooper (Demonspawn Monk)           Turns: 1183, Time: 00:01:35

Health: -1/37      AC:  5    Str: 13    XL:     4   Next: 3%
Magic:  4/4        EV: 13    Int: 12    God:
Gold:   55         SH:  0    Dex: 15    Spells: 3/3 levels left

rFire   . . .        a - +0 hand axe
rCold   . . .        d - orb {light}
rNeg    . . .        b - +0 robe
rPois   .            j - +2 helmet
rElec   .            (no cloak)
rCorr   .            (no gloves)
SInv    .            (no boots)
Will    .....        (no amulet)
Stlth   +            (no ring)
HPRegen 0.26/turn    (no ring)
MPRegen 0.09/turn

%: no passive effects
@: glowing
A: demonic guardian 2
a: no special abilities


You were on level 2 of the Dungeon.
You visited 1 branch of the dungeon, and saw 2 of its levels.

You collected 55 gold pieces.

Inventory:

Hand Weapons
 a - a +0 hand axe (weapon)
Missiles
 g - a silver javelin (quivered)
Armour
 b - a +0 robe (worn)
 d - an orb of light (worn)
 j - a +2 helmet (worn)
Scrolls
 c - a scroll of fog {unknown}
 e - a scroll of enchant weapon {unknown}
 i - a scroll of amnesia {unknown}
Potions
 f - a potion of curing {unknown}


   Skills:
 + Level 3.8 Fighting
 + Level 3.3 Axes
 + Level 3.3 Dodging


You had 3 spell levels left.
You didn't know any spells.
Your spell library was empty.

Dungeon Overview and Level Annotations

Branches:
Dungeon (2/15)

Altars:


Innate Abilities, Weirdness & Mutations

A demonic guardian rushes to your aid.


Message History

The gnoll hits you from afar with a +0 spear.
The gnoll closely misses you. The gnoll hits you with a +0 club.
The gnoll hits you but does no damage. x2; The gnoll completely misses you.
The gnoll misses you.
You barely miss the gnoll.
The gnoll is moderately wounded.
You hit the gnoll.
You kill the gnoll!
You hit the gnoll. The gnoll hits you with a +0 club.
The gnoll hits you from afar with a +0 spear.
A demonic guardian appears!
The gnoll barely misses you.
You barely miss your ufetubus. You closely miss the gnoll. You hit the gnoll.
You feel less invigorated.
You feel less confused. The gnoll misses you. The gnoll closely misses you.
The gnoll hits you with a +0 club.
* * * LOW HITPOINT WARNING * * *
You barely miss the gnoll.
The gnoll is heavily wounded.
You hit the gnoll. Your ufetubus hits the gnoll.
Your ufetubus closely misses the gnoll.
The gnoll hits your ufetubus with a +0 club!
Your ufetubus dies!
Your ufetubus disappears in a puff of smoke!
The gnoll hits you from afar with a +0 spear.
* * * LOW HITPOINT WARNING * * *
The gnoll closely misses you.
The gnoll shouts!
You hit the gnoll.
You kill the gnoll!
You hit the gnoll. The gnoll hits you with a +0 club.
* * * LOW HITPOINT WARNING * * *
The gnoll barely misses you.
You have reached level 4!
You feel clever.
Your demonic ancestry asserts itself...
Your guardian grows in power.
The gnoll hits you but does no damage. The gnoll closely misses you.
You see here a +0 club.
The gnoll hits you from afar with a +0 spear!
You die...

..... #####
.(..
#....##..##
#....##...#
###.....#.#.#
#.......#.#(##
#......g§..#
##.....§..g.#
##......§(§@.#
##......#####.#
###.......# ..#
###....#....#
#.#
....#...#####
.# .........##
.. ..........#
.. ..........#
#. ..........#


You could see 2 gnolls.

Vanquished Creatures
  2 gnolls (D:2)
  A worm (D:2)
  A dart slug (D:1)
  3 ball pythons (D:1)
  5 endoplasms
  A giant cockroach (D:1)
  4 goblins
  3 hobgoblins
  6 jackals (D:1)
  2 kobolds (D:1)
  3 quokkas (D:1)
  3 bats
  2 frilled lizards (D:1)
  2 rats (D:1)
38 creatures vanquished.

Vanquished Creatures (collateral kills)
  A quokka (D:1)
1 creature vanquished.

Grand Total: 39 creatures vanquished

Notes
Turn   | Place    | Note
-------+----------+-------------------------------------------
     0 | D:1      | innerfire43 the Demonspawn Monk began the quest for the
                  | Orb.
     0 | D:1      | Reached XP level 1. HP: 18/18 MP: 1/1
    54 | D:1      | Gained mutation: A weak demonic guardian rushes to your
                  | aid. [demonic ancestry]
    54 | D:1      | Reached XP level 2. HP: 20/24 MP: 2/2
   400 | D:1      | Reached XP level 3. HP: 22/29 MP: 3/3
  1182 | D:2      | Gained mutation: A demonic guardian rushes to your aid.
                  | [demonic ancestry]
  1182 | D:2      | Reached XP level 4. HP: 6/37 MP: 4/4
  1183 | D:2      | Slain by a gnoll

Illustrated notes

Levels and vault maps discovered:
D:1:      dpeg_arrival_castle, layout_basic, serial_forest,
          infiniplex_forest_straight_2, infiniplex_forest_straight_3,
          infiniplex_forest_clump_double, infiniplex_forest_lined_1,
          infiniplex_forest_clump_small, infiniplex_forest_straight_2,
          infiniplex_forest_lined_3_way
D:2:      layout_rooms

Skill      XL: |  1  2 |
---------------+-------+-----
Dodging        | 3 |  3.3
Axes           | 3 |  3.3
Fighting       | |  3.8

Action                     |  1- 3 |  4- 6 || total
---------------------------+-------+-------++-------
  Melee: Hand axe          |    96 |       ||    96
  Throw: Javelin           |     4 |       ||     4
    Use: Potion            |     2 |       ||     2
   Stab: Sleeping          |     1 |       ||     1
 Armour: Robe              |    33 |     1 ||    34
  Dodge: Dodged            |   120 |     1 ||   121

Table legend: (Time is in decaauts)
 A = Elapsed time spent in this place.
 B = Non-inter-level travel time spent in this place.
 C = Inter-level travel time spent in this place.
 D = Time resting spent in this place.
 E = Time spent auto-exploring this place.
 F = Levels seen in this place.
 G = Mean time per level.
                   A        B        C        D        E       F      G
               +--------+--------+--------+--------+--------+-----+--------+
         Total |   1206 |   1138 |     68 |      0 |    894 |   2 |  603.0 |
       Dungeon |   1206 |   1138 |     68 |      0 |    894 |   2 |  603.0 |
               +--------+--------+--------+--------+--------+-----+--------+

Top non-repeatable levels by time:
     D:1: 994 daAuts
     D:2: 211 daAuts
